 Dungeon Crawl Stone Soup version 0.29.0-4-gdea44cf6ec (webtiles) character file.

Game seed: 14924809617981559305

247 qw the Ruffian (level 6, -6/48 HPs)
             Began as a Ghoul Fire Elementalist on Aug 29, 2022.
             Mangled by a gnoll
             ... wielding a +0 halberd
              (13 damage)
             ... on level 4 of the Dungeon.
             The game lasted 00:02:46 (3104 turns).

qw the Ruffian (Ghoul Fire Elementalist)            Turns: 3104, Time: 00:02:46

Health: -6/48      AC:  7    Str: 14    XL:     6   Next: 11%
Magic:  7/7        EV:  9    Int: 10    God:
Gold:   244        SH:  0    Dex:  9    Spells: 7/8 levels left

rFire   . . .      SeeInvis .     - Unarmed
rCold   + . .      Faith    .   (no shield)
rNeg    + + +      Spirit   .   e - +0 scale mail
rPois   inf        Reflect  .   c - +0 helmet
rElec   .          Harm     .   (no cloak)
rCorr   .          Rampage  .   (no gloves)
Will    .....                   (no boots)
Stlth   ..........              (no amulet)
HPRegen 0.00/turn               (no ring)
MPRegen 0.10/turn               (no ring)

@: about to teleport, inhibited regen
A: claws 1, cold resistance 1, negative energy resistance 3, inhibited
regeneration, torment resistance 2, devour on kill
a: no special abilities


You were on level 4 of the Dungeon.
You visited 1 branch of the dungeon, and saw 4 of its levels.

You collected 244 gold pieces.


Innate Abilities, Weirdness & Mutations

You are immune to poison.
You have sharp fingernails.
Your flesh is cold resistant. (rC+)
You are immune to negative energy. (rN+++)
You do not regenerate when monsters are visible.
You are immune to unholy pain and torment.
You thrive by killing the living.


   Skills:
 - Level 2.0 Fighting
 - Level 1.5 Armour
 - Level 1.7 Dodging
 - Level 2.1 Stealth
 + Level 5.3 Unarmed Combat
 - Level 1.7 Spellcasting
 - Level 0.7 Conjurations
 - Level 2.4 Fire Magic


You had 7 spell levels left.
You knew the following spells:

 Your Spells              Type           Power      Damage    Failure   Level
a - Foxfire               Conj/Fire      16%        2x1d4     58%         1

Your spell library contained the following spells:

 Spells                   Type           Power      Damage    Failure   Level
 Scorch                   Fire           10%        2d6       61%         2
 Conjure Flame            Conj/Fire      4%         6-21      91%         3
 Inner Flame              Hex/Fire       3%         N/A       95%         3
 Flame Wave               Conj/Fire      4%         2d5       100%        4

Inventory:

Armour
 c - a +0 helmet (worn)
 e - a +0 scale mail (worn)
Scrolls
 b - a scroll of acquirement {unknown}
 h - a scroll of teleportation
 i - a scroll of identify
Potions
 a - a potion of heal wounds {unknown}
 d - a potion of attraction {unknown}
 f - a potion of might {unknown}
 g - a potion of curing {unknown}
 j - a potion of brilliance {unknown}

Dungeon Overview and Level Annotations

Branches:
Dungeon (4/15)
 Temple: D:4-7

Altars:
Ashenzari

Shops:
D:2 :


Message History

You see here a hound corpse.
A ball python comes into view.
The ball python hisses angrily.
Enter note: You closely miss the ball python.
The ball python bites you but does no damage.
The ball python grabs you. The ball python constricts you.
You claw the ball python!
You kill the ball python!
A gnoll comes into view. It is wielding a +0 halberd.
The gnoll shouts!
Enter note:
Found a fuming purple potion.
A gnoll comes into view. It is wielding a +0 halberd.
The gnoll shouts!
The gnoll hits you but does no damage.
You barely miss the gnoll. The gnoll closely misses you.
You scratch the gnoll.
The gnoll is lightly wounded.
The gnoll hits you with a +0 halberd.
You scratch the gnoll.
The gnoll is lightly wounded.
The gnoll hits you with a +0 halberd!
You closely miss the gnoll.
The gnoll is lightly wounded.
You scratch the gnoll but do no damage.
The gnoll is lightly wounded.
The gnoll barely misses you.
You scratch the gnoll but do no damage. You claw the gnoll.
The gnoll is heavily wounded.
The gnoll hits you with a +0 halberd!
You barely miss the gnoll.
The gnoll is heavily wounded.
The gnoll hits you with a +0 halberd!
3104 ||| READING 2 scrolls of teleportation.
As you read the scroll of teleportation, it crumbles to dust.
You feel strangely unstable. The gnoll hits you with a +0 halberd!
You die...

#..........'.....#
#....
#....%..####.....#
#....
............#.....#
#....
..........#.#.....#
#....
....####....#######
##### ....#!.#....# ...
#ยค.'....### ..
#..#......# ####@.###.#
.......g.# #^#####
...P...g.# #.....#
##..~.~P.# #...<.#
#.P~P~P..##.....#
#..~P~..........#
#..~.~P..##.....###
#....PP..##.......#####
##...........


You could see 2 gnolls.

Vanquished Creatures
  2 scorpions
  A hound (D:4)
  4 adders
  2 dart slugs
  An orc (D:4)
  5 ball pythons
  8 endoplasms
  4 goblins
  5 hobgoblins
  2 jackals (D:1)
  4 quokkas
  5 bats
  3 frilled lizards
  7 kobolds
  5 rats
58 creatures vanquished.

Notes
Turn   | Place    | Note
-------+----------+-------------------------------------------
     0 | D:1      | qw the Ghoul Fire Elementalist began the quest for the Orb.
     0 | D:1      | Reached XP level 1. HP: 14/14 MP: 2/2
     0 | D:1      | 0 ||| qw: Version: 0.1-a-90-g952f4b7
     0 | D:1      | 0 ||| qw: Game counter: 3888
     0 | D:1      | 0 ||| qw: Always use a shield: true
     0 | D:1      | 0 ||| qw: God list: Okawaru
     0 | D:1      | 0 ||| qw: Allow faded altars: false
     0 | D:1      | 0 ||| qw: Do Orc after D:15 true
     0 | D:1      | 0 ||| qw: Do second Lair branch before Depths: true
     0 | D:1      | 0 ||| qw: Lair rune preference: random
     0 | D:1      | 0 ||| qw: Plans: Normal
     0 | D:1      | 0 ||| PLANNING D:1-11
    16 | D:1      | HP: 1/14 [dart slug/slug dart (5)]
   341 | D:1      | Reached skill level 1 in Unarmed Combat
   613 | D:1      | Reached skill level 1 in Fighting
   613 | D:1      | Reached XP level 2. HP: 23/23 MP: 3/3
   843 | D:1      | Found a faded altar of an unknown god.
  1186 | D:1      | Reached skill level 2 in Unarmed Combat
  1368 | D:1      | 1368 ||| UPGRADING to +0 leather armour.
  1378 | D:1      | 1378 ||| DROPPING +0 robe.
  1379 | D:1      | 1379 ||| UPGRADING to +0 ring mail.
  1389 | D:1      | 1389 ||| DROPPING +0 leather armour.
  1390 | D:1      | 1390 ||| DROPPING amulet of faith.
  1391 | D:1      | 1391 ||| READING scroll labelled GORU TAACS.
  1394 | D:1      | 1394 ||| DROPPING potion of magic.
  1421 | D:2      | Reached XP level 3. HP: 27/28 MP: 4/4
  1484 | D:2      | 1484 ||| Stepping ~*~*~tactically~*~*~ (hiding).
  1695 | D:2      | Found Livui's Book Boutique.
  1700 | D:2      | Noticed a scorpion
  1711 | D:2      | Killed a scorpion
  1712 | D:2      | Reached skill level 4 in Unarmed Combat
  1712 | D:2      | Reached XP level 4. HP: 34/35 MP: 5/5
  1722 | D:2      | 1722 ||| UPGRADING to +0 helmet.
  1727 | D:2      | 1727 ||| UPGRADING to +0 scale mail.
  1737 | D:2      | 1737 ||| DROPPING +0 ring mail.
  1809 | D:2      | Reached XP level 5. HP: 41/41 MP: 6/6
  1811 | D:2      | 1811 ||| Stepping ~*~*~tactically~*~*~ (stealth).
  1812 | D:2      | 1812 ||| Stepping ~*~*~tactically~*~*~ (stealth).
  2019 | D:2      | Found a broken altar of Ashenzari.
  2042 | D:2      | 2042 ||| DROPPING amulet of magic regeneration.
  2043 | D:2      | 2043 ||| READING scroll labelled PELEIXT OVVOWO.
  2044 | D:2      | 2044 ||| READING scroll labelled ECSORU BYRGHEOTS.
  2045 | D:2      | 2045 ||| READING scroll labelled AMUQUA USOULL.
  2471 | D:3      | 2471 ||| Stepping ~*~*~tactically~*~*~ (stealth).
  2472 | D:3      | 2472 ||| Stepping ~*~*~tactically~*~*~ (stealth).
  2473 | D:3      | 2473 ||| Stepping ~*~*~tactically~*~*~ (stealth).
  2506 | D:3      | Identified the +0 trident of the Shifting Goat {freeze,
                  | rElec Str+2 Dex+3}
  2649 | D:3      | 2649 ||| READING scroll labelled FENGA BOTEUGG.
  2650 | D:3      | 2650 ||| READING scroll labelled MENUXUEBUS.
  2651 | D:3      | 2651 ||| READING scroll labelled INLEUSUCZO.
  2652 | D:3      | 2652 ||| READING scroll labelled QIWNUCH DECO.
  2903 | D:4      | Reached skill level 5 in Unarmed Combat
  3001 | D:4      | 3001 ||| Stepping ~*~*~tactically~*~*~ (stealth).
  3003 | D:4      | 3003 ||| Stepping ~*~*~tactically~*~*~ (stealth).
  3021 | D:4      | 3021 ||| Stepping ~*~*~tactically~*~*~ (stealth).
  3075 | D:4      | Reached skill level 1 in Armour
  3075 | D:4      | Reached XP level 6. HP: 48/48 MP: 7/7
  3103 | D:4      | HP: 7/48 [gnoll/+0 halberd (10)]
  3104 | D:4      | 3104 ||| READING 2 scrolls of teleportation.
  3104 | D:4      | Mangled by a gnoll

Levels and vault maps discovered:
D:1:      minmay_arrival_cross, layout_loops_ring,
          hellmonk_ecumenical_altar_heavens_door
D:2:      layout_basic, serial_shops, nicolae_shop_advertising_works
          [nicolae_subvault_shop_adworks], basic_altar
D:3:      layout_rooms
D:4:      layout_basic, old_standard_altar, dreamdust_gnoll_farm

Skill      XL: |  1  2  3  4  5 |
---------------+----------------+-----
Unarmed Combat | 1 2 4 5 |  5.3
Fighting       | 1 2 |  2.0
Armour         | 1 |  1.5
Dodging        | |  1.7
Stealth        | |  2.1
Spellcasting   | |  1.7
Conjurations   | |  0.7
Fire Magic     | |  2.4

Action                   |  1- 3 |  4- 6 || total
-------------------------+-------+-------++-------
Melee: Unarmed           |   103 |   117 ||   220
       Punch             |     1 |     3 ||     4
  Use: Scroll            |     1 |     8 ||     9
Armor: Robe              |    12 |       ||    12
       Ring mail         |     7 |       ||     7
       Scale mail        |       |    65 ||    65
Dodge: Dodged            |    47 |    45 ||    92

Table legend:
 A = Non-vault XP
 B = Vault XP
 C = Vault XP percentage of total XP
 D = Non-vault monster count
 E = Vault monster count
 F = Vault count percentage of total count
                 A         B        C        D         E       F
            +---------+---------+-------+---------+---------+-------
      Total |     312 |      42 |  11.9 |      57 |       1 |   1.7
            +---------+---------+-------+---------+---------+-------
        D:1 |      32 |       0 |   0.0 |      18 |       0 |   0.0
        D:2 |     148 |       0 |   0.0 |      16 |       0 |   0.0
        D:3 |      19 |       0 |   0.0 |      13 |       0 |   0.0
        D:4 |     113 |      42 |  27.1 |      10 |       1 |   9.1
            +---------+---------+-------+---------+---------+-------
